 Dungeon Crawl Stone Soup version 0.28.0-43-g3370ac3207 (webtiles) character file.

Game seed: 7944000853940412799

165 protoss039 the Skirmisher (level 5, -1/43 HPs)
             Began as a Djinni Hedge Wizard on Mar 16, 2022.
             Slain by Crazy Yiuf
             ... wielding a +2 quarterstaff of chaos
              (6 damage)
             ... on level 3 of the Dungeon.
             The game lasted 00:06:31 (4398 turns).

protoss039 the Skirmisher (Djinni Hedge Wizard)     Turns: 4398, Time: 00:06:31

Health: -1/43      AC:  2    Str:  9    XL:     5   Next: 75%
Gold:   115        EV: 12    Int: 18    God:
                   SH:  0    Dex: 12

rFire   + + .      SeeInvis .   a - +0 dagger
rCold   x . .      Faith    .   (no shield)
rNeg    . . .      Spirit   .   b - +0 robe
rPois   ∞          Reflect  .   c - +0 hat
rElec   .          Harm     .   (no cloak)
rCorr   .          Rampage  .   (no gloves)
Will    .....                   (boots unavailable)
Stlth   ++........              (no amulet)
HPRegen 0.14/turn               (no ring)
MPRegen 0.00/turn               (no ring)

@: flying
A: sickness immunity, fire resistance 2, cold vulnerability 1, float, innate
caster, HP casting, extra vitality 1
a: no special abilities


You were on level 3 of the Dungeon.
You visited 1 branch of the dungeon, and saw 3 of its levels.

You collected 115 gold pieces.

Inventory:

Hand Weapons
 a - a +0 dagger (weapon)
Armour
 b - a +0 robe (worn)
 c - a +0 hat (worn)
Scrolls
 g - a scroll of summoning {unknown}
 h - a scroll of identify {unknown}
 k - a scroll of fog {unknown}
Potions
 d - a potion of attraction {unknown}
 e - a potion of curing {unknown}
 f - a potion of ambrosia {unknown}
 i - 2 potions of haste {unknown}
 j - a potion of heal wounds {unknown}
 l - a potion of might {unknown}


   Skills:
 * Level 5.0 Fighting
 - Level 2.1 Dodging
 - Level 1.5 Stealth
 - Level 2.4 Spellcasting


You couldn't memorise any spells.
You knew the following spells:

 Your Spells              Type           Power      Damage    Failure   Level
a - Magic Dart            Conj           40%        1d5       6%          1
b - Blink                 Tloc           20%        N/A       10%         2
c - Call Imp              Summ           10%        N/A       10%         2
d - Slow                  Hex            40%        N/A       6%          1
e - Conjure Flame         Conj/Fire      10%        6-21      19%         3
f - Mephitic Cloud        Conj/Pois/Air  10%        N/A       19%         3
g - Beastly Appendage     Tmut           20%        N/A       6%          1
h - Searing Ray           Conj           20%        2d5       10%         2
Your spell library was empty.

Dungeon Overview and Level Annotations

Branches:
Dungeon (3/15)

Altars:
Ru

Annotations:
D:3 Crazy Yiuf


Innate Abilities, Weirdness & Mutations

You are immune to sickness and miasma.
You are immune to poison.
Your flesh is very heat resistant. (rF++)
You are vulnerable to cold. (rC-)
You float through the air rather than walking.
You learn spells naturally, not from books.
Your magical power is your life essence.
You have superior vitality. (+4 MHP)


Message History

Crazy Yiuf yells, "Scoff!"
Your crimson imp barely misses Crazy Yiuf.
Crazy Yiuf hits your crimson imp with a +2 quarterstaff of chaos!
Your crimson imp easily resists.
Your crimson imp barely misses Crazy Yiuf.
Your crimson imp hits Crazy Yiuf but does no damage.
Casting: Call Imp (safe; 10% risk of failure)
Confirm with . or Enter, or press ? or * to list all spells.
A beastly little devil appears in a puff of frigid air.
* * * LOW HITPOINT WARNING * * *
Unknown command.
You swap places.
Your white imp hits Crazy Yiuf.
Your white imp freezes Crazy Yiuf.
Crazy Yiuf zaps a wand.
The puff of flame hits you. You resist.
* * * LOW HITPOINT WARNING * * *
Crazy Yiuf zaps a wand.
The puff of flame misses you.
The now-empty wand crumbles to dust.
Okay, then.
There is an open translucent door here.
There's nothing to close nearby.
You reach down and close the door.
You start resting.
Crazy Yiuf is nearby!
As you close the door, it creaks loudly!
Crazy Yiuf breaks down the door.
Casting: Call Imp (safe; 10% risk of failure)
Confirm with . or Enter, or press ? or * to list all spells.
Aiming: Searing Ray (safe; 10% risk of failure)
Press: ? - help, Shift-Dir - straight line, f/p - Crazy Yiuf
Aim: Crazy Yiuf, wielding a +2 quarterstaff of chaos and wearing a +0 cloak of willpower (moderately wounded, 79% to hit)
The searing ray misses Crazy Yiuf. (Press . to maintain the ray.)
* * * LOW HITPOINT WARNING * * *
Unknown command.
Unknown command.
The searing ray hits Crazy Yiuf.
Crazy Yiuf is heavily wounded.
* * * LOW HITPOINT WARNING * * *
Crazy Yiuf hits you with a +2 quarterstaff of chaos.
You die...

.#.#...##....#
##.#...##...(######
.................>#####
##.#........####......#
...####....## ########
......'....#
......#....# ♣♣♣♣♣###
......#....#
#####♣♣♣.♣....##
......#....#
#..@#♣..♣......##
...####....#
#...g.♣♣♣♣......# ####
#....# #)..#♣♣ ♣♣.....#
##...# ##### ♣♣##..###
########...# #....#
...........# ####g#
...........############
### #.#
..................#.#.#
#.# #.#
................###...#
#.# #.#


You could see Crazy Yiuf.

Vanquished Creatures
  Jessica (D:3)
  Terence (D:3)
  An orc wizard (D:3)
  3 adders
  A worm (D:2)
  5 dart slugs
  6 orcs (D:3)
  4 endoplasms
  4 giant cockroaches
  5 hobgoblins
  A quokka (D:1)
  4 bats
  2 frilled lizards
  3 goblins
  4 kobolds
  6 rats
51 creatures vanquished.

Notes
Turn   | Place    | Note
-------+----------+-------------------------------------------
     0 | D:1      | protoss039 the Djinni Hedge Wizard began the quest for the
                  | Orb.
     0 | D:1      | Reached XP level 1. HP: 15/15 MP: 0/0
   298 | D:1      | Reached skill level 1 in Fighting
   679 | D:1      | Reached XP level 2. HP: 18/22 MP: 0/0
  1119 | D:1      | Reached skill level 2 in Fighting
  1255 | D:1      | Found a faded altar of an unknown god.
  1414 | D:1      | Reached XP level 3. HP: 24/29 MP: 0/0
  1414 | D:1      | Learned a level 1 spell: Beastly Appendage
  2468 | D:2      | Reached skill level 3 in Fighting
  2682 | D:2      | Reached XP level 4. HP: 30/35 MP: 0/0
  2982 | D:3      | Noticed Jessica
  2988 | D:3      | Killed Jessica
  2989 | D:3      | Reached skill level 4 in Fighting
  3000 | D:3      | Reached XP level 5. HP: 15/41 MP: 0/0
  3000 | D:3      | Learned a level 2 spell: Searing Ray
  3556 | D:3      | Noticed Terence
  3566 | D:3      | Killed Terence
  4046 | D:3      | Reached skill level 5 in Fighting
  4149 | D:3      | Found a sacrificial altar of Ru.
  4250 | D:3      | Found a runed translucent door.
  4251 | D:3      | Noticed Crazy Yiuf
  4354 | D:3      | HP: 2/43 [Crazy Yiuf/puff of flame (3)]
  4398 | D:3      | Slain by Crazy Yiuf

Illustrated notes

Levels and vault maps discovered:
D:1:      erik_arrival_triangle_large, layout_rooms,
          chequers_ecumenical_altar_simple_redux, serial_co_window_serial,
          co_window_paths_a, co_window_paths_b, co_window_corner_a,
          co_window_corner_a, co_window_paths_b, co_window_paths_a,
          co_window_corner_a, co_window_broadway_b, co_window_2corner,
          co_window_paths_c, co_window_2corner, co_window_unsneaky_path_a,
          co_window_2corner, co_window_paths_e, glass_columns_a, glass_columns_a
D:2:      layout_rooms, mrwooster_statue_mirror, minmay_misc_feat_columns
D:3:      layout_basic, nicolae_ru_path_of_blood, uniq_crazy_yiuf_cottage,
          uniq_terence, uniq_jessica

Skill      XL: |  1  2  3  4  5 |
---------------+----------------+-----
Fighting       | 1 2 3 4 5 |  5.0
Dodging        | |  2.1
Stealth        | |  1.5
Spellcasting   | |  2.4

Action                   |  1- 3 |  4- 6 || total
-------------------------+-------+-------++-------
Melee: Dagger            |    14 |     5 ||    19
       Punch             |       |     1 ||     1
 Cast: Magic Dart        |    81 |    49 ||   130
       Slow              |     8 |     5 ||    13
       Call Imp          |     2 |     2 ||     4
       Mephitic Cloud    |       |     3 ||     3
       Searing Ray       |       |     5 ||     5
       Blink             |       |     1 ||     1
 Stab: Distracted        |     1 |       ||     1
       Sleeping          |       |     1 ||     1
Armor: Robe              |     9 |     2 ||    11
Dodge: Dodged            |    11 |    16 ||    27
